Map: Deathaura LE

Players

Trap - Winner!

  • Race: Protoss Protoss
  • League: Master
  • Spawn Location: 11:00

INnoVation

  • Race: Terran Terran
  • League: Grandmaster
  • Spawn Location: 5:00

Event: DreamHack SC2 Masters 2020 Fall

VOD

Have the link to the VOD?

Description

Time

  • Played on: Sept. 20, 2020, 9:13 a.m.
  • Length: 12:20

All games in this series

Show
View Real Time Build Order
Export as new Build Order

Trap Protoss - Winner!

Build Orders: 1 Gate Expand, Blink Stalkers 

Get SALT Encoding   

  12  0:00  Probe  
  13  0:12  Probe  
  14  0:17  Pylon  
  14  0:24  Probe (Chrono Boost)  
  15  0:36  Probe (Chrono Boost)  
  15  0:37  Gateway  
  16  0:45  Probe (Chrono Boost)  
  16  0:46  Assimilator  
  17  0:50  Probe  
  18  1:03  Probe  
  19  1:15  Probe  
  20  1:24  Cybernetics Core  
  20  1:32  Nexus  
  20  1:39  Pylon  
  20  1:41  Probe  
  21  1:47  Assimilator  
  21  1:53  Probe  
  22  1:57  Adept (Chrono Boost)  
  22  2:01  Warp Gate  
  24  2:06  Probe  
  25  2:18  Stalker (Chrono Boost), Probe  
  28  2:29  Twilight Council  
  27  2:30  Probe  
  29  2:44  Probe (Chrono Boost)  
  29  2:47  Probe (Chrono Boost)  
  29  2:49  Robotics Facility  
  30  2:53  Probe (Chrono Boost)  
  30  2:56  Probe (Chrono Boost)  
  32  2:58  Probe (Chrono Boost)  
  33  3:06  Blink (Chrono Boost), Probe  
  33  3:12  Gateway  
  34  3:13  Probe  
  34  3:18  Probe  
  36  3:25  Probe  
  37  3:27  Pylon  
  37  3:30  Probe  
  38  3:37  Gateway  
  38  3:38  Probe  
  38  3:39  Observer  
  40  3:42  Probe  
  40  3:47  Assimilator  
  41  3:49  Assimilator, Stalker  
  41  3:50  Probe  
  41  3:54  Probe  
  45  4:02  Probe  
  46  4:05  Pylon  
  46  4:07  Stalker, Probe  
  49  4:12  Stalker  
  49  4:13  Observer  
  49  4:14  Probe  
  53  4:19  Probe  
  54  4:27  Probe  
  54  4:30  Dark Shrine  
  54  4:31  Probe  
  56  4:38  Stalker x2  
  60  4:43  Pylon, Probe  
  62  4:45  Probe  
  62  4:52  Nexus  
  62  4:59  Warp Prism (Chrono Boost)  
  64  5:12  Robotics Bay, Probe x2  
  64  5:16  Pylon  
  64  5:24  Forge  
  64  5:25  Probe x2  
  66  5:32  Stalker x2  
  70  5:38  Charge  
  70  5:44  Gateway  
  70  5:48  Gateway  
  70  5:52  Dark Templar  
  70  5:56  Dark Templar  
  70  5:57  Dark Templar  
  76  6:04  Shield Battery  
  78  6:06  Colossus (Chrono Boost)  
  82  6:11  Shield Battery  
  82  6:14  Probe x2  
  82  6:17  Extended Thermal Lance  
  84  6:21  Pylon  
  84  6:24  Probe  
  85  6:26  Probe  
  85  6:31  Stalker x2  
  90  6:33  Stalker  
  88  6:48  Colossus (Chrono Boost)  
  82  6:56  Stalker  
  82  6:57  Zealot x2  
  82  6:59  Probe x3  
  80  7:10  Gateway  
  80  7:12  Gateway  
  80  7:14  Gateway  
  80  7:17  Observer  
  80  7:18  Stalker x2  
  80  7:19  Stalker  
  80  7:21  Probe x2  
  88  7:23  Probe  
  89  7:34  Colossus (Chrono Boost)  
  95  7:41  Observer  
  95  7:43  Zealot x2, Shield Battery, Sentry  
  101  7:46  Shield Battery  
  101  7:51  Probe  
  101  7:58  Pylon  
  101  8:02  Pylon  
  101  8:13  Colossus (Chrono Boost)  
  101  8:15  Protoss Ground Weapons Level 1 (Chrono Boost)  
  101  8:16  Probe x2  
  101  8:19  Pylon  
  109  8:21  Zealot x3, Pylon  
  109  8:22  Dark Templar  
  115  8:32  Probe x2  
  115  8:34  Pylon  
  117  8:35  Probe, Pylon  
  117  8:39  Pylon  
  117  8:54  Dark Templar  
  119  8:55  Zealot x2  
  119  8:56  Zealot x3  
  127  9:05  Probe x3  
  94  9:17  Probe x3  
  89  9:19  Immortal (Chrono Boost)  
  89  9:20  Stalker x4  
  102  9:29  Probe  
  105  9:34  Gateway  
  105  9:37  Gateway  
  103  9:41  Sentry  
  103  9:43  Sentry  
  103  9:44  Zealot x2  
  111  9:47  Gateway  
  111  9:50  Zealot  
  113  9:54  Warp Prism (Chrono Boost)  
  111  10:04  Dark Templar  
  111  10:05  Pylon  
  113  10:08  Zealot x2  
  113  10:13  Zealot  
  119  10:15  Dark Templar  
  121  10:22  Pylon  
  121  10:23  Observer (Chrono Boost)  
  121  10:26  Photon Cannon  
  122  10:36  Zealot x5  
  122  10:37  Zealot  
  134  10:45  Pylon  
  134  10:57  Stalker x6  
  134  11:02  Zealot  
  144  11:22  Zealot  
  144  11:23  Zealot x6  
Show
View Real Time Build Order
Export as new Build Order

INnoVation Terran 

Build Orders: Reaper Expand 

Get SALT Encoding   

  12  0:00  SCV  
  13  0:12  SCV  
  14  0:16  Supply Depot  
  14  0:24  SCV  
  15  0:38  SCV  
  15  0:40  Barracks  
  16  0:43  Refinery  
  16  0:50  SCV  
  17  1:02  SCV  
  18  1:14  SCV  
  19  1:26  Orbital Command, Reaper  
  20  1:46  Command Center  
  20  1:50  Supply Depot  
  20  1:53  SCV  
  21  1:58  Marine  
  22  2:05  SCV  
  23  2:08  Factory  
  23  2:15  Bunker  
  23  2:17  SCV  
  23  2:20  Barracks Reactor  
  24  2:25  Refinery  
  24  2:29  SCV  
  25  2:41  SCV  
  26  2:53  SCV  
  26  2:54  Hellion  
  26  2:57  Starport  
  29  3:05  SCV  
  30  3:10  Orbital Command  
  30  3:14  Marine x2  
  30  3:15  Factory Tech Lab  
  30  3:17  SCV  
  33  3:32  SCV  
  33  3:35  Barracks, Marine x2  
  33  3:37  SCV  
  33  3:40  Raven  
  38  3:43  Refinery, Supply Depot  
  38  3:44  SCV  
  38  3:45  Factory Tech Lab  
  39  3:49  SCV  
  40  3:56  SCV, Marine  
  40  3:58  Marine  
  40  4:01  Barracks  
  43  4:03  SCV  
  43  4:08  SCV  
  43  4:09  Engineering Bay  
  45  4:14  Marine  
  45  4:15  SCV  
  45  4:16  Marine  
  48  4:18  Supply Depot  
  48  4:21  SCV  
  49  4:27  Factory Reactor, SCV  
  49  4:30  Stimpack  
  48  4:32  Marauder  
  48  4:33  Starport Reactor, SCV, Marine  
  48  4:36  Terran Infantry Weapons Level 1  
  52  4:41  Supply Depot  
  52  4:42  SCV  
  53  4:49  Marine  
  53  4:51  Marine  
  55  4:55  Combat Shield, Marauder x2  
  55  4:56  SCV x2  
  57  5:09  SCV x2  
  57  5:10  Marine x2  
  57  5:13  Supply Depot  
  60  5:16  Medivac  
  60  5:18  Medivac  
  64  5:21  SCV x2  
  64  5:22  Refinery  
  64  5:26  Supply Depot  
  64  5:28  Marine x2  
  68  5:33  Widow Mine  
  68  5:34  SCV x2  
  68  5:35  Widow Mine  
  74  5:38  Supply Depot  
  76  5:43  Marauder x2  
  76  5:47  SCV x2  
  76  5:49  Marine x2  
  82  5:54  Medivac x2  
  85  5:59  SCV x2  
  85  6:00  Widow Mine  
  85  6:02  Supply Depot  
  89  6:07  Widow Mine  
  89  6:08  Supply Depot  
  91  6:11  SCV  
  91  6:15  Concussive Shells  
  91  6:18  Marauder  
  91  6:19  Marauder, Marine x2  
  91  6:22  Missile Turret  
  88  6:26  Missile Turret  
  88  6:40  Marauder x2  
  88  6:41  SCV  
  88  6:45  Marine  
  79  6:55  SCV x2  
  78  7:03  Marauder x2  
  78  7:04  Marine x2  
  78  7:07  SCV  
  80  7:11  SCV  
  81  7:17  Terran Infantry Armor Level 1  
  81  7:19  SCV  
  82  7:25  Marauder x2  
  81  7:30  Medivac  
  81  7:33  Marine x2  
  81  7:34  Medivac, SCV x2  
  85  7:42  Widow Mine x2  
  89  7:46  SCV x2  
  91  7:54  Marauder x2, Marine x2  
  97  7:58  SCV  
  97  7:59  SCV, Supply Depot  
  97  8:03  Supply Depot  
  97  8:05  Widow Mine  
  101  8:11  SCV  
  102  8:21  Widow Mine, SCV  
  102  8:23  Marine x2  
  102  8:24  Command Center  
  102  8:26  SCV  
  108  8:28  Supply Depot  
  108  8:33  SCV  
  109  8:37  Marauder x2  
  113  8:43  Marine x2  
  113  8:46  Widow Mine  
  117  8:49  Widow Mine  
  117  8:51  SCV x2  
  115  9:01  Marauder x2, Marine x2  
  107  9:06  SCV  
  107  9:07  Widow Mine  
  87  9:10  Widow Mine  
  78  9:17  SCV  
  78  9:18  SCV  
  78  9:23  Medivac x2  
  82  9:30  SCV x2  
  84  9:38  Orbital Command  
  84  9:42  SCV x2  
  86  9:53  Viking x2  
  86  9:54  SCV  
  86  9:55  Orbital Command, SCV  
  90  10:06  SCV  
  90  10:07  Barracks, SCV  
  92  10:14  Missile Turret, Marauder x2  
  92  10:15  Barracks  
  92  10:18  Factory Tech Lab, SCV  
  92  10:19  SCV  
  98  10:21  SCV  
  98  10:27  Viking  
  101  10:29  Viking  
  101  10:31  SCV x2  
  101  10:34  SCV  
  106  10:42  Armory, Engineering Bay  
  106  10:44  SCV x2  
  106  10:46  SCV  
  109  10:50  Marauder  
  109  10:51  Marauder  
  109  10:54  Marine x2  
  115  10:58  Viking  
  115  10:59  Viking  
  119  11:09  Marauder, Marine x2  
  123  11:12  Marauder x2, Marine  
  110  11:24  Marine  
  74  11:27  Marine  
  55  11:31  Marauder  
  55  11:33  Marauder  

Tags
 
Add a new tag
Caveats
  • Supply blocks, unpowered buildings, or Contaminate may cause inaccurate times.
  • Supply counts are checked every 10 seconds.